 Dungeon Crawl Stone Soup version 0.31-a0-626-g8143ab4f1d (webtiles) character file.

Game seed: 8911807987398207145

5206 javelincjr the Changeling (level 10, -1/94 HPs)
             Began as a Troll Shapeshifter on Aug 24, 2023.
             Was a Follower of Qazlal.
             Slain by a vault guard
             ... wielding a +0 broad axe
              (13 damage)
             ... in a bailey.
             The game lasted 00:30:30 (5639 turns).

javelincjr the Changeling (Troll Shapeshifter)      Turns: 5639, Time: 00:30:31

Health: -1/94      AC: 23    Str: 29    XL:     10   Next: 35%
Magic:  10/13      EV:  4    Int:  4    God:    Qazlal [*.....]
Gold:   158        SH:  2    Dex: 14    Spells: 12/14 levels left

rFire   + +          .
                       - Unarmed
rCold   . . .        (shield currently unavailable)
rNeg    . . .        m - +3 gold dragon scales of Dawn {rPois rF+ rC+ Dex+4}
rPois   +            (helmet restricted)
rElec   .            F - +0 cloak
rCorr   .            (gloves unavailable)
SInv    .            (boots unavailable)
Will    .....        (no amulet) Stlth
                     n - +4 ring of protection
HPRegen 1.15/turn    p - ring of fire
MPRegen 0.13/turn

%: no passive effects
@: flux-form, glowing
A: glow, contaminating, large, unfitting armour, claws 3, regeneration 1, shaggy
fur 1, tough skin 1
a: Begin Untransformation, Renounce Religion


You were in a bailey.
You worshipped Qazlal.
Qazlal was aware of your devotion.
You were something dangerously unstable.
You visited 2 branches of the dungeon, and saw 9 of its levels.
You also visited: Sewer and Bailey.

You collected 316 gold pieces.
You spent 158 gold pieces at shops.

Inventory:

Hand Weapons
 G - a +1 dagger of venom
 I - a +5 spear
Missiles
 f - 24 poisoned darts (quivered)
 j - 5 javelins
Armour
 a - a +0 animal skin
 m - the +3 gold dragon scales of Dawn (worn) {rPois rF+ rC+ Dex+4}
   (You acquired it on level 10 of the Dungeon)

   Dex+4:     It affects your dexterity (+4).
   rF+:       It protects you from fire.
   rC+:       It protects you from cold.
   rPois:     It protects you from poison
 D - +1 swamp dragon scales
 F - a +0 cloak (worn)
 N - +0 steam dragon scales
Magical Staves
 s - a staff of cold
 w - a staff of fire
Jewellery
 n - a +4 ring of protection (left claw)
 p - a ring of fire (right claw)
Talismans
 c - a beast talisman
 d - a flux talisman (active)
Wands
 l - a wand of flame (16)
 q - a wand of quicksilver (10)
 K - a wand of digging (7)
Scrolls
 h - 6 scrolls of teleportation
 o - a scroll of vulnerability
 u - 4 scrolls of enchant weapon
 x - 2 scrolls of silence
 y - a scroll of fear
 C - a scroll of fog
Potions
 b - a potion of lignification
 e - 2 potions of enlightenment
 g - a potion of attraction
 i - 2 potions of brilliance {unknown}
 k - a potion of degeneration {unknown}
 r - a potion of haste {unknown}
 v - 2 potions of curing {unknown}
 z - a potion of invisibility {unknown}
 A - 3 potions of resistance {unknown}
 E - a potion of berserk rage {unknown}
 J - a potion of mutation {unknown}
 L - a potion of cancellation {unknown}
 M - a potion of ambrosia {unknown}


   Skills:
 + Level 4.7 Fighting
 + Level 3.3 Armour
 + Level 4.9 Dodging
 + Level 2.4 Stealth
 + Level 6.4 Unarmed Combat
 + Level 2.7 Spellcasting
 + Level 3.3 Summonings
 * Level 7.8 Shapeshifting


You had 12 spell levels left.
You knew the following spells:

 Your Spells              Type           Power      Damage    Failure   Level
a - Call Imp              Summ           6%         N/A       100%        2

Your spell library contained the following spells:

 Spells                   Type           Power      Damage    Failure   Level
 Magic Dart               Conj           0%         1d3       100%        1
 Poisonous Vapours        Pois/Air       0%         N/A       100%        2
 Dazzling Flash           Conj/Hex       0%         N/A       100%        3
 Mephitic Cloud           Conj/Pois/Air  0%         N/A       100%        3
 Volatile Blastmotes      Fire/Tloc      0%         2d10      100%        3
 Freezing Cloud           Conj/Ice/Air   0%         6-21      100%        5
 Starburst                Conj/Fire      0%         6d3       100%        6
 Maxwell's Capacitive Co  Air            0%         ∞         100%        8


Dungeon Overview and Level Annotations

Branches:
Dungeon (10/15)            Temple (1/1) D:6           Sewer (visited)
 Bailey (1/1)
   Lair: D:8-11         Orc: D:9-12

Altars:
Ashenzari
Cheibriados
Dithmenos
Elyvilon
Fedhas
Gozag
Hepliaklqana
Kikubaaqudgha
Makhleb
Nemelex Xobeh
Okawaru
Qazlal
Sif Muna
Trog
Vehumet
Wu Jian
Xom
Zin
The Shining One

Shops:
D:4 *   D:5 *   D:6 *

Annotations:
D:10 Fannar
Temple 2 transporters Bailey Prince Ribbit


Innate Abilities, Weirdness & Mutations

You are something dangerously unstable.
You glow with magical radiation, making you easy to see and hit.
Foes you strike become dangerously contaminated with magical radiation.
You are incapable of wielding weapons or throwing items.
You are too large for most types of armour.
You have claws for hands.
Your natural rate of healing is unusually fast.
You are covered in fur. (AC +1)
You have tough skin. (AC +1)


Message History

The vault guard hits you with a +0 broad axe.
You scratch the vault guard.
The vault guard glows dangerously bright.
The vault guard is severely wounded.
The vault guard hits you with a +0 broad axe.
The vault guard hits you but does no damage.
You barely miss the vault guard.
The vault guard is severely wounded.
The vault guard barely misses you. x2
You barely miss the vault guard.
The vault guard is severely wounded.
The vault guard hits you with a +0 broad axe!
The vault guard hits you but does no damage.
You claw the vault guard!
The vault guard shudders as magic cascades through it.
The vault guard twists and deforms.
The vault guard is almost dead.
The vault guard hits you but does no damage.
The vault guard hits you with a +0 broad axe!
* * * LOW HITPOINT WARNING * * *
You scratch the vault guard but do no damage.
The vault guard begins to glow.
The vault guard is almost dead.
Prince Ribbit stops glowing.
The vault guard hits you but does no damage.
The vault guard completely misses you.
You claw the vault guard!
The vault guard glows dangerously bright.
The vault guard is almost dead.
The vault guard hits you with a +0 broad axe.
* * * LOW HITPOINT WARNING * * *
The vault guard barely misses you.
You barely miss the vault guard.
The vault guard is almost dead.
The vault guard stops glowing.
Prince Ribbit hops awkwardly around.
The vault guard hits you with a +0 broad axe!
* * * LOW HITPOINT WARNING * * *
The vault guard hits you with a +0 broad axe!
You die...

##### ##...##
#.....# #.∩.∩.#
######.....#
##....##.†.####
##......#'#†#~~##
#.pB.#....#~~~~~#
#.p####...#~~~~~#
#.F§..#...#~~~~~#
#.....#...##~~~##
###)###..####'###
#≈~.†≈#.))......#
#≈~..≈####)..)).#
##≈~.≈##≈##.....#
#≈~.~≈≈~≈#....##


You could see 2 vault guards and Prince Ribbit.

Vanquished Creatures
  A two-headed ogre (D:6)
  Pikel (D:7)
  Maggie (D:7)
  Grinder (D:4)
  Sigmund (D:2)
  5 humans (Bailey)
  Grum (D:10)
  An ice beast (D:6)
  2 black bears
  2 wolves (D:10)
  3 centaurs
  A phantom (D:6)
  A gnoll sergeant (D:7)
  8 bullfrogs
  2 scorpions (D:6)
  9 wights
  3 orc priests
  2 hounds
  2 jellies (D:7)
  Jessica (D:3)
  2 gnoll boudas (D:5)
  2 iguanas
  2 sleepcaps
  17 gnolls
  9 adders
  6 river rats (Sewer)
  A shadow imp (D:6)
  2 white imps
  2 ufetubi
  5 worms
  11 orcs
  13 ball pythons
  6 endoplasms
  3 giant cockroaches
  4 goblins
  7 hobgoblins
  11 jackals
  7 quokkas
  7 bats
  4 frilled lizards
  14 kobolds
  15 rats
198 creatures vanquished.

Notes
Turn   | Place    | Note
-------+----------+-------------------------------------------
     0 | D:1      | javelincjr the Troll Shapeshifter began the quest for the
                  | Orb.
     0 | D:1      | Reached XP level 1. HP: 18/18 MP: 0/0
    30 | D:1      | Reached skill level 1 in Fighting
    66 | D:1      | Reached XP level 2. HP: 27/27 MP: 1/1
   329 | D:1      | Reached XP level 3. HP: 31/33 MP: 2/2
   788 | D:2      | Noticed Sigmund
   804 | D:2      | Killed Sigmund
   805 | D:2      | Reached skill level 4 in Shapeshifting
   805 | D:2      | Reached XP level 4. HP: 41/42 MP: 3/3
   805 | D:2      | Reached XP level 5. HP: 48/49 MP: 4/4
  1090 | D:2      | Found a faded altar of an unknown god.
  1232 | D:3      | Noticed a black bear
  1244 | D:3      | Killed a black bear
  1245 | D:3      | Reached XP level 6. HP: 58/58 MP: 5/5
  1393 | D:3      | Noticed Jessica
  1398 | D:3      | Killed Jessica
  1502 | D:3      | Found a radiant altar of Vehumet.
  1685 | D:3      | Learned a level 2 spell: Call Imp
  1806 | D:3      | Found a shimmering blue altar of Sif Muna.
  2028 | D:4      | Noticed Grinder
  2028 | D:4      | Paralysed by Grinder for 2 turns
  2033 | D:4      | Paralysed by Grinder for 4 turns
  2042 | D:4      | Killed Grinder
  2043 | D:4      | Reached skill level 5 in Shapeshifting
  2043 | D:4      | Reached XP level 7. HP: 36/66 MP: 6/6
  2111 | D:4      | Found Unyhos's CLEARANCE SALE!.
  2141 | D:4      | Found a glowing drain.
  2156 | Sewer    | Entered a sewer
  2858 | D:4      | Bought +0 swamp dragon scales for 100 gold pieces
  2962 | D:4      | Reached skill level 1 in Summonings
  3102 | D:5      | Entered Level 5 of the Dungeon
  3356 | D:5      | Found Qucwa's Assorted Antiques.
  3396 | D:5      | Reached skill level 1 in Spellcasting
  3400 | D:5      | Reached XP level 8. HP: 13/75 MP: 8/8
  3456 | D:5      | Bought a scroll labelled APUOBB AQISEH for 29 gold pieces
  3456 | D:5      | Bought a scroll labelled WUUMNY QESIWNA for 29 gold pieces
  3561 | D:5      | Reached skill level 5 in Unarmed Combat
  3566 | D:5      | Reached skill level 1 in Armour
  3704 | D:5      | Found an opulent altar of Gozag.
  3985 | D:6      | Noticed a two-headed ogre
  3992 | D:6      | Killed a two-headed ogre
  3993 | D:6      | Reached skill level 1 in Stealth
  3993 | D:6      | Reached skill level 6 in Shapeshifting
  4046 | D:6      | Reached XP level 9. HP: 60/84 MP: 10/10
  4121 | D:6      | Found a staircase to the Ecumenical Temple.
  4133 | Temple   | Found a transporter.
  4133 | Temple   | Found a transporter.
  4133 | Temple   | Found a transporter.
  4133 | Temple   | Found a transporter.
  4133 | Temple   | Entered the Ecumenical Temple
  4151 | Temple   | Became a worshipper of Qazlal Stormbringer
  4387 | D:6      | Found Zin's Purification Station.
  4394 | D:6      | Found a glowing silver altar of Zin.
  4639 | D:7      | Noticed Pikel
  4645 | D:7      | Killed Pikel
  4729 | D:7      | Reached skill level 7 in Shapeshifting
  5112 | D:7      | Noticed Maggie
  5122 | D:7      | Killed Maggie
  5271 | D:7      | You fall into a shaft and drop 3 floors!
  5271 | D:10     | Entered Level 10 of the Dungeon
  5285 | D:10     | Identified a scroll of acquirement
  5285 | D:10     | Acquired the +3 gold dragon scales of Dawn {rPois rF+ rC+
                  | Dex+4}
  5322 | D:10     | Found a flagged portal.
  5352 | D:10     | Reached * piety under Qazlal
  5369 | D:10     | Reached XP level 10. HP: 94/94 MP: 12/12
  5373 | D:10     | Noticed Grum
  5386 | D:10     | Killed Grum
  5406 | D:10     | Noticed Fannar
  5408 | Bailey   | Entered a bailey
  5545 | Bailey   | Noticed Prince Ribbit
  5545 | Bailey   | Noticed a vault guard
  5547 | Bailey   | Noticed a nameless horror
  5612 | Bailey   | Noticed a vault guard
  5639 | Bailey   | Slain by a vault guard

Illustrated notes

Levels and vault maps discovered:
D:1:      ebering_trefoil_3fold, layout_loops_ring, minmay_split_cup_small
D:2:      layout_rooms, shapermc_ecumenical_altar_hornbeckon, uniq_sigmund
D:3:      layout_basic, mainiacjoe_overflow_catwalk_spiral,
          kennysheep_cluttered_room, uniq_jessica
D:4:      layout_cave_pools, cheibrodos_sewer_entry_bend, grunt_decor_junction,
          nicolae_shop_clearance, uniq_grinder
D:5:      nicolae_cairo_tiling_very_big, layout_basic, general_overflow_altar,
          serial_shops, nicolae_diamond_shop
D:6:      layout_rooms, zin_purify, temple_hall, chequers_arboretum, st_stairs_2
D:7:      layout_cave_pods, uniq_pikel, uniq_maggie
D:10:     layout_rooms, amethyst_overflow_temple_binary, enter_bailey_2,
          uniq_lodul, uniq_grum, uniq_urug, uniq_fannar
Temple:   hellmonk_temple_divided_pantheon
Bailey:   bailey_axe_froggy_fort_hellmonk, bailey

Skill      XL: |  1  2  3  4  5  6  7  8  9 10 |
---------------+-------------------------------+-----
Fighting       | 1 2 3 4 |  4.7
Dodging        | 2 3 4 |  4.9
Shapeshifting  | 4 5 6 7 |  7.8
Unarmed Combat | 4 5 6 |  6.4
Summonings     | 1 2 3 |  3.3
Spellcasting   | 1 2 |  2.7
Armour         | 1 2 3 |  3.3
Stealth        | 1 2 |  2.4

Action                     |  1- 3 |  4- 6 |  7- 9 | 10-12 || total
---------------------------+-------+-------+-------+-------++-------
  Melee: Unarmed           |    98 |    85 |   298 |   115 ||   596
         Punch             |       |     2 |     6 |       ||     8
  Throw: Dart              |       |     2 |     5 |       ||     7
Ability: Begin Untransform |       |       |     1 |       ||     1
    Use: Scroll            |       |     1 |    11 |     1 ||    13
   Stab: Sleeping          |       |     1 |       |       ||     1
 Armour: Animal skin       |    38 |    26 |    20 |       ||    84
         Swamp dragon scal |       |       |    94 |       ||    94
         Gold dragon scale |       |       |    26 |    75 ||   101
  Dodge: Dodged            |    34 |    36 |   123 |    22 ||   215
  Block: Other             |       |       |       |     7 ||     7
   Form: Beast             |       |       |     1 |       ||     1
         Flux              |       |       |     1 |       ||     1

Table legend: (Time is in decaauts)
 A = Elapsed time spent in this place.
 B = Non-inter-level travel time spent in this place.
 C = Inter-level travel time spent in this place.
 D = Time resting spent in this place.
 E = Time spent auto-exploring this place.
 F = Levels seen in this place.
 G = Mean time per level.
                   A        B        C        D        E       F      G
               +--------+--------+--------+--------+--------+-----+--------+
         Total |   5582 |   5431 |    151 |     95 |   3613 |  11 |  507.5 |
       Dungeon |   4667 |   4552 |    115 |     52 |   3254 |   8 |  583.4 |
        Temple |     49 |     13 |     36 |      0 |      0 |   1 |   49.0 |
         Sewer |    645 |    645 |      0 |      0 |    359 |   1 |  645.0 |
        Bailey |    219 |    219 |      0 |     43 |      0 |   1 |  219.0 |
               +--------+--------+--------+--------+--------+-----+--------+

Top non-repeatable levels by time:
     D:5: 835 daAuts
     D:3: 716 daAuts
     D:7: 700 daAuts
     D:1: 660 daAuts
   Sewer: 645 daAuts
     D:6: 566 daAuts
     D:2: 549 daAuts
     D:4: 507 daAuts
  Bailey: 219 daAuts
    D:10: 131 daAuts
  Temple: 49 daAuts
